 Dungeon Crawl Stone Soup version 0.26.1-11-gd32895ea62 (webtiles) character file.

Game seed: 15491746721348909558

116 H0rd4k the Insei (level 5, -5/33 HPs)
             Began as an Octopode Transmuter on May 31, 2021.
             Killed by divine providence
             ... invoked by an orc priest
              (12 damage)
             ... on level 3 of the Dungeon.
             The game lasted 00:02:00 (2484 turns).

H0rd4k the Insei (Octopode Transmuter)              Turns: 2484, Time: 00:02:00

Health: -5/33      AC:  1    Str: 10    XL:     5   Next: 1%
Magic:  5/8        EV: 13    Int: 16    God:
Gold:   84         SH:  0    Dex: 12    Spells: 4/8 levels left

rFire    . . .     SeeInvis .     - Unarmed
rCold    . . .     Faith    .   (no shield)
rNeg     . . .     Spirit   .   (helmet restricted)
rPois    .         Reflect  .   (no amulet)
rElec    .         Harm     .   (no ring)
rCorr    .         Rampage  .   (no ring)
Will     .....                  (no ring)
Stlth    +++.......             (no ring)
HPRegen  0.11/turn              (no ring)
MPRegen  0.11/turn              (no ring)
                                (no ring)
                                (no ring)

@: no status effects
A: almost no armour, stealthy swim, amphibious, 8 rings, constrict 8, camouflage
1, gelatinous body 1
a: no special abilities


You were on level 3 of the Dungeon.
You visited 1 branch of the dungeon, and saw 3 of its levels.

You collected 84 gold pieces.

Inventory:

Hand Weapons
 a - a cursed -3 arbalest
Scrolls
 c - 2 scrolls of teleportation {unknown}
 d - 4 scrolls of identify {unknown}
Potions
 b - a potion of lignification {unknown}
 e - a potion of might {unknown}


   Skills:
 + Level 1.0 Fighting
 + Level 2.5 Dodging
 - Level 1.4 Stealth
 + Level 4.3 Unarmed Combat
 * Level 2.3 Spellcasting
 * Level 2.5 Transmutations
 * Level 1.0 Poison Magic


You had 4 spell levels left.
You knew the following spells:

 Your Spells              Type           Power        Failure   Level
a - Beastly Appendage     Tmut           20%          7%          1
b - Spider Form           Tmut/Pois      3%           28%         3

Your spell library contained the following spells:

 Spells                   Type           Power        Failure   Level
 Wereblood                Tmut           10%          11%         2
 Ice Form                 Ice/Tmut       6%           75%         4
 Blade Hands              Tmut           5%           88%         5


Dungeon Overview and Level Annotations

Branches:
Dungeon (3/15)

Altars:
Yredelemnul


Innate Abilities, Weirdness & Mutations

You cannot wear most types of armour.
You are very stealthy in the water. (Stealth+)
You are amphibious.
You can wear up to eight rings at the same time.
You can use your tentacles to constrict eight enemies at once.
Your skin changes colour to match your surroundings (Stealth+).
Your rubbery body absorbs attacks. (AC +1, EV +1)


Message History

A puff of flame appears from out of thin air!
The puff of flame misses you.
You closely miss something.
Your transformation has ended.
Something hits you but does no damage.
The orc priest shouts!
You tentacle-slap something but do no damage.
You squeeze something. Something hits you.
You miss something. You squeeze something.
Reactivating autopickup.
You feel a bit more experienced.
Your Poison Magic skill increases to level 1!
You have reached level 5!
You feel stronger.
The orc priest invokes the aid of Beogh against you.
Beogh smites you!
* * * LOW HITPOINT WARNING * * *
The orc priest invokes the aid of Beogh against you.
Beogh smites you!
You die...

....... ......>..
#..o=.## .........
#......# ##......
#......# #.....# #.##.#
#....^#
#)##.#####.##....†.
#)##....##..#....##
...####o##.##.##....#..##
........@................
.....................#.#.
..................##.#.#.
..................##)#.#.
#############........#.##
#......#.....
#............
#..........†.
#........#.#.


You could see an orc priest and an orc.

Vanquished Creatures
  An orc wizard (D:3)
  A gnoll (D:2)
  4 adders
  An ooze (D:3)
  A dart slug (D:2)
  2 leopard geckos
  An orc (D:3)
  2 giant cockroaches (D:2)
  2 goblins
  3 hobgoblins
  4 jackals (D:1)
  A ball python (D:2)
  8 bats
  3 frilled lizards
  2 kobolds
  7 rats
43 creatures vanquished.

Notes
Turn   | Place    | Note
-------+----------+-------------------------------------------
     0 | D:1      | H0rd4k the Octopode Transmuter began the quest for the Orb.
     0 | D:1      | Reached XP level 1. HP: 13/13 MP: 3/3
   265 | D:1      | Reached XP level 2. HP: 18/18 MP: 5/5
  1082 | D:1      | Reached skill level 1 in Stealth
  1159 | D:1      | Reached XP level 3. HP: 10/23 MP: 6/6
  1368 | D:1      | Learned a level 3 spell: Spider Form
  1734 | D:2      | Found a basalt altar of Yredelemnul.
  1829 | D:2      | Reached XP level 4. HP: 4/28 MP: 7/7
  2134 | D:3      | Reached skill level 4 in Unarmed Combat
  2483 | D:3      | Reached skill level 1 in Poison Magic
  2483 | D:3      | Reached XP level 5. HP: 16/33 MP: 5/8
  2484 | D:3      | Killed from afar by an orc priest

Illustrated notes

Levels and vault maps discovered:
D:1:      amcnicky_arrival_feature_with_door, layout_basic,
          chequers_serial_rivers_room_a
D:2:      layout_loops_ring, nicolae_overflow_crystal_walls,
          chequers_ecumenical_altar_simple, minmay_pentomino_o2
D:3:      layout_basic

Skill      XL: |  1  2  3  4 |
---------------+-------------+-----
Stealth        | 1 |  1.4
Unarmed Combat | 4 |  4.3
Poison Magic   | 1 |  1.0
Fighting       | |  1.0
Dodging        | |  2.5
Spellcasting   | |  2.3
Transmutations | |  2.5

Action                   |  1- 3 |  4- 6 || total
-------------------------+-------+-------++-------
Melee: Unarmed           |    75 |    32 ||   107
       Constrict         |    16 |     5 ||    21
       Tentacles         |    11 |     7 ||    18
       Punch             |     1 |       ||     1
 Cast: Spider Form       |       |     1 ||     1
  Use: Potion            |     1 |       ||     1
 Stab: Sleeping          |    11 |       ||    11
Armor: Skin              |     3 |     2 ||     5
Dodge: Dodged            |    49 |    22 ||    71
